 Dungeon Crawl Stone Soup version 0.25-a0-547-g27a0b5d1ef (console) character file.

Game seed: 6445188806778072748, levelgen mode: deterministic

38 Kagalorn the Magician (level 3, 20/21 HPs)
             Began as a Kobold Venom Mage on Feb 22, 2020.
             Was a Follower of Elyvilon.
             Quit the game on level 2 of the Dungeon.
             The game lasted 00:06:25 (1095 turns).

Kagalorn the Magician (Kobold Venom Mage)           Turns: 1095, Time: 00:06:25

Health: 20/21      AC:  3    Str:  5    XL:     3   Next: 65%
Magic:  7/7        EV: 14    Int: 17    God:    Elyvilon [*.....]
Gold:   105        SH:  0    Dex: 15    Spells: 7/8 levels left

rFire    . . .     SeeInvis .   a - +0 short sword
rCold    . . .     Gourm    .   (shield restricted)
rNeg     . . .     Faith    .   f - +0 leather armour (curse)
rPois    .         Spirit   .   (no helmet)
rElec    .         Reflect  .   (no cloak)
rCorr    .         Harm     .   (no gloves)
MR       .....                  (no boots)
Stlth    ++........             e - amulet of magic regeneration
HPRegen  0.07/turn              (no ring)
MPRegen  0.35/turn              (no ring)

@: no status effects
A: small, carnivore
a: Lesser Healing, Divine Protection, Renounce Religion


You were on level 2 of the Dungeon.
You worshipped Elyvilon.
Elyvilon was aware of your devotion.
You were not hungry.

You visited 1 branch of the dungeon, and saw 2 of its levels.

You collected 105 gold pieces.

Inventory:

Hand Weapons
 a - a +0 short sword (weapon)
Missiles
 d - 13 poisoned darts (quivered)
Armour
 f - a cursed +0 leather armour (worn)
Jewellery
 e - an amulet of magic regeneration (around neck)
Potions
 b - a potion of heal wounds {unknown}
Comestibles
 c - 2 rations


   Skills:
 * Level 2.1 Fighting
 - Level 2.4 Dodging
 - Level 2.6 Stealth
 * Level 3.1 Spellcasting
 * Level 1.0 Transmutations
 * Level 3.0 Poison Magic


You had 7 spell levels left.
You knew the following spells:

 Your Spells              Type           Power        Failure   Level  Hunger
a - Sting                 Tmut/Pois      #...         13%         1    None

Your spell library contained the following spells:

 Spells                   Type           Power        Failure   Level  Hunger
 Poisonous Vapours        Pois/Air       #.....       24%         2    ##.....
 Ignite Poison            Fire/Tmut/Pois #.......     45%         3    ###....
 Mephitic Cloud           Conj/Pois/Air  #.......     50%         3    ###....
 Olgreb's Toxic Radiance  Pois           ##......     63%         4    ####...


Dungeon Overview and Level Annotations

Branches:
Dungeon (2/15)

Altars:
Elyvilon


Innate Abilities, Weirdness & Mutations

You are small and have problems with some larger weapons.
You are carnivorous and can eat meat at any time.


Message History

You enter the shallow water.
Moving in this stuff is going to be slow.
You enter the shallow water.
Moving in this stuff is going to be slow.
You enter the shallow water.
Moving in this stuff is going to be slow.
Why would you want to do that?
You enter the shallow water.
Moving in this stuff is going to be slow.
You enter the shallow water.
Moving in this stuff is going to be slow.
There is a faded altar of an unknown god here.
You cannot tell which god this altar belongs to.
Convert to them anyway?
Okay, then.
You cannot tell which god this altar belongs to.
Convert to them anyway?
Elyvilon accepts your prayer! Elyvilon welcomes you!
You can now provide lesser healing for yourself.
You can now call on Elyvilon to save your life.
Are you sure you want to abandon this character and quit the game? (Confirm with "yes".)

........##..####..#
........##..####..#######
........##..≈≈≈......≈...
....#...##.≈≈≈.≈≈...≈≈≈#
###+#...##≈≈≈≈≈≈≈≈≈≈≈..#
# ....##.≈≈≈≈≈≈≈≈≈≈≈≈# #
....##≈.≈≈≈≈≈≈≈≈≈≈.# #
........≈≈≈≈♣♣≈≈≈≈.# #
..#.#...≈≈≈.@.≈≈≈≈≈# #
#..≈≈≈≈...≈≈≈≈.##
#...≈≈≈≈≈≈≈≈≈...#####
#..≈≈≈≈≈≈≈≈≈≈........
#..≈≈≈≈≈≈≈≈≈≈....####
#.≈.≈≈.≈≈≈..≈≈≈#.#
#.≈.≈≈.......≈≈# #
#.$.#####........# #...#
#..#####.#


There were no monsters in sight!

Vanquished Creatures
  2 dart slugs (D:1)
  2 leopard geckos
  5 bats (D:1)
  5 giant cockroaches
  6 hobgoblins
  2 kobolds
  4 frilled lizards
  4 rats
30 creatures vanquished.

Notes
Turn   | Place    | Note
-------+----------+-------------------------------------------
     0 | D:1      | Kagalorn the Kobold Venom Mage began the quest for the Orb.
     0 | D:1      | Reached XP level 1. HP: 10/10 MP: 3/3
    99 | D:1      | Reached skill level 1 in Fighting
    99 | D:1      | Reached XP level 2. HP: 16/16 MP: 1/5
   423 | D:1      | Reached XP level 3. HP: 21/21 MP: 4/7
  1062 | D:2      | Found a faded altar of an unknown god.
  1094 | D:2      | Became a worshipper of Elyvilon the Healer
  1094 | D:2      | Reached * piety under Elyvilon
  1095 | D:2      | Quit the game

Levels and vault maps discovered:
D:1:      tarquinn_simple_flora_water_d, layout_basic, minmay_pentomino_o2
D:2:      layout_basic, chequers_ecumenical_altar_island,
          kennysheep_generic_room_8

Skill      XL: |  1  2  3 |
---------------+----------+-----
Fighting       | 1 2 |  2.1
Spellcasting   | 3 |  3.1
Dodging        | |  2.4
Stealth        | |  2.6
Transmutations | |  1.0
Poison Magic   | |  3.0

Action                   || total
-------------------------++-------
Melee: Unarmed           ||    34
       Short sword       ||     3
 Cast: Sting             ||    41
  Eat: Chunk             ||     1
Armor: Robe              ||     2
       Leather armour    ||     6
Dodge: Dodged            ||    28

Table legend:
 A = Non-vault XP
 B = Vault XP
 C = Vault XP percentage of total XP
 D = Non-vault monster count
 E = Vault monster count
 F = Vault count percentage of total count
                 A         B        C        D         E       F
            +---------+---------+-------+---------+---------+-------
      Total |      52 |       3 |   5.5 |      28 |       2 |   6.7
            +---------+---------+-------+---------+---------+-------
        D:1 |      38 |       3 |   7.3 |      19 |       2 |   9.5
        D:2 |      14 |       0 |   0.0 |       9 |       0 |   0.0
            +---------+---------+-------+---------+---------+-------
